 Dungeon Crawl Stone Soup version 0.27.1-35-g4d5d836560 (webtiles) character file.

Game seed: 15713134548431085726

37 Delamore the Sneak (level 3, 0/24 HPs)
             Began as an Octopode Brigand on Mar 15, 2022.
             Slain by an adder (1 damage)
             ... on level 2 of the Dungeon.
             The game lasted 00:01:00 (1702 turns).

Delamore the Sneak (Octopode Brigand)               Turns: 1702, Time: 00:01:00

Health: 0/24       AC:  1    Str: 10    XL:     3   Next: 39%
Magic:  3/3        EV: 12    Int: 13    God:
Gold:   2          SH:  0    Dex: 14    Spells: 2/2 levels left

rFire    + . .     SeeInvis .   a - +2 dagger
rCold    + . .     Faith    .   (no shield)
rNeg     . . .     Spirit   .   (helmet restricted)
rPois    +         Reflect  .   (no amulet)
rElec    +         Harm     .   (no ring)
rCorr    +         Rampage  .   (no ring)
Will     .....                  (no ring)
Stlth    ++++......             (no ring)
HPRegen  0.08/turn              (no ring)
MPRegen  0.08/turn              (no ring)
                                (no ring)
                                (no ring)

@: resistant
A: almost no armour, amphibious, 8 rings, camouflage 1, gelatinous body 1,
(nimble swimmer 1), tentacles
a: no special abilities


You were on level 2 of the Dungeon.
You visited 1 branch of the dungeon, and saw 2 of its levels.

You collected 2 gold pieces.

Inventory:

Hand Weapons
 a - a +2 dagger (weapon)
Missiles
 b - 8 poisoned darts (quivered)
 c - 7 curare-tipped darts
Scrolls
 d - a scroll of magic mapping {unknown}
 e - a scroll of torment {unknown}
 f - a scroll of fear
 g - 2 scrolls of identify {unknown}
 h - a scroll of fog {unknown}


   Skills:
 - Level 2.0 Fighting
 + Level 2.6 Short Blades
 - Level 2.0 Throwing
 - Level 1.0 Dodging
 * Level 6.5 Stealth


You had 2 spell levels left.
You didn't know any spells.
Your spell library contained the following spells:

 Spells                   Type           Power      Damage    Failure   Level
 Summon Guardian Golem    Hex/Summ       0%         N/A       67%         3
 Orb of Destruction       Conj           0%         N/A       100%        7
 Spellforged Servitor     Conj/Summ      0%         N/A       100%        7


Dungeon Overview and Level Annotations

Branches:
Dungeon (2/15)

Altars:


Innate Abilities, Weirdness & Mutations

You cannot wear most types of armour.
You are amphibious.
You can wear up to eight rings at the same time.
Your skin changes colour to match your surroundings (Stealth+).
Your rubbery body absorbs attacks. (AC +1, EV +1)
((You are camouflaged near water. (Stealth+)))
You have tentacles for arms and can constrict up to eight enemies at once.


Message History

The ball python closely misses you. x2; The ball python grabs you.
The ball python constricts you.
You escape the ball python's grasp.
The jackal closely misses you.
You swing at nothing.
The jackal closely misses you.
You hit the jackal.
You kill the jackal!
You hit the jackal. Your grab misses the jackal.
The jackal is heavily wounded.
The jackal bites you.
* * * LOW HITPOINT WARNING * * *
You closely miss the jackal. You grab the jackal.
The jackal is heavily wounded.
You constrict the jackal, but do no damage.
The jackal misses you.
You hit the jackal but do no damage. You squeeze the jackal.
The jackal is severely wounded.
You constrict the jackal, but do no damage.
The jackal misses you.
The jackal bites you but does no damage.
You hit the jackal.
The jackal is almost dead.
You constrict the jackal.
You kill the jackal!
The jackal bites you but does no damage.
The adder misses you.
You hit the jackal. You grab the jackal.
The jackal is severely wounded.
You constrict the jackal, but do no damage.
The jackal bites you.
* * * LOW HITPOINT WARNING * * *
The adder misses you.
You release your grip on the jackal.
The jackal bites you.
* * * LOW HITPOINT WARNING * * *
It was a potion of resistance.
You feel protected. The adder barely misses you. The jackal bites you.
* * * LOW HITPOINT WARNING * * *
The jackal barely misses you. The adder bites you.
You die...

......##.#.###
..##.##.#.##.## #
###.#.##.#.##
##.#.##.#.#.##
##.#.##.#.#.#.#
##†#.##.#.###.#.
##S#.##.#.##.##.#
##S#.##.#.##.#.##.
##@#.##.#.##.#.#.##
##.#h##.#.##.#...#.#
#.#.##.#.##(.†)##.#.
##.#.##.#...#.##.#.#
##.#.##.#.#.##.#.##
##.#.##.#.##.#.##.
########.#.##)##.#.##.#
#......##.#.###.#.##.#.
#...)...##.#.#.#)##.#.#


You could see an adder, a jackal and a ball python.

Vanquished Creatures
  2 dart slugs (D:1)
  5 ball pythons
  3 giant cockroaches (D:1)
  3 goblins
  5 hobgoblins
  3 jackals (D:2)
  2 kobolds
  3 bats (D:1)
  2 frilled lizards (D:1)
  A rat (D:2)
29 creatures vanquished.

Notes
Turn   | Place    | Note
-------+----------+-------------------------------------------
     0 | D:1      | Delamore the Octopode Brigand began the quest for the Orb.
     0 | D:1      | Reached XP level 1. HP: 14/14 MP: 1/1
   113 | D:1      | Found a faded altar of an unknown god.
   418 | D:1      | Reached XP level 2. HP: 18/19 MP: 2/2
   805 | D:1      | Reached skill level 6 in Stealth
  1024 | D:1      | Reached XP level 3. HP: 24/24 MP: 3/3
  1702 | D:2      | HP: 1/24 [jackal (2)]
  1702 | D:2      | Slain by an adder

Illustrated notes

Levels and vault maps discovered:
D:1:      heliophobic_arrival_dark_side_of_the_moon, layout_loops_ring,
          ebering_ecumenical_altar_webs, serial_co_window_serial,
          co_window_of_opportunity_a, co_window_paths_a, co_window_corner_a,
          co_window_corner_a, co_window_corner_a, co_window_paths_c,
          co_window_corner_b, co_window_unsneaky_path_b, co_window_2corner,
          co_window_paths_e, co_window_sun
D:2:      minmay_inner_zag, layout_rooms, basic_altar

Skill      XL: |  1  2 |
---------------+-------+-----
Stealth        | 6 |  6.5
Fighting       | |  2.0
Short Blades   | |  2.6
Throwing       | |  2.0
Dodging        | |  1.0

Action                   || total
-------------------------++-------
Melee: Dagger            ||    50
       Constrict         ||    11
       Tentacles         ||     6
  Use: Scroll            ||     1
       Potion            ||     1
 Stab: Sleeping          ||    13
Armor: Skin              ||     4
Dodge: Dodged            ||    27
